Bruins vs Thunderbirds

Created - 11 janvier 2025 at 08:29

Goals
1 2 3 T
Bruins 0 0 1 1
Thunderbirds 1 1 1 3
Shots
1 2 3 T
Bruins 3 10 19 32
Thunderbirds 9 12 8 29

GoalsPenalties
1st period
1. Thunderbirds , Cole Guttman 9 (Uvis Balinskis 18) at 2:38
Gabriel Carlsson (STL) for Fighting (Major) at 7:35
Dylan Holloway (BOS) for Fighting (Major) at 7:35
Dylan Holloway (BOS) for instigated a fight (Minor) at 7:35
Dylan Holloway (BOS) for instigated a fight (10 Minutes Misconduct) at 7:35
2nd period
2. Thunderbirds , Riley Damiani 5 (Wyatt Kaiser 27, Vinni Lettieri 35) at 4:34
Ross Johnston (STL) for Hooking (Minor) at 2:26
Ross Johnston (STL) for Roughing (Minor) at 11:25
3rd period
3. Thunderbirds , Ross Johnston 13 (Justin Danforth 40, Vinni Lettieri 36) at 8:09
4. Bruins , Logan Shaw 14 (Rourke Chartier 15, Anthony Richard 22) at 9:12
Jiri Smejkal (STL) for Slashing (Minor) at 19:22
Goalie Stats
Jacob Ingham (BOS), 26 saves from 29 shots - (0,897), L, 2-2-1, 60:00 minutes
Devon Levi (STL), 31 saves from 32 shots - (0,969), W, 13-3-1, 60:00 minutes
3 StarsOfficial
1 - Devon Levi (STL)
2 - Vinni Lettieri (STL)
3 - Riley Damiani (STL)
Referees : Maria Furberg and Trevor Hanson
Linesman : Ben O'Quinn and Veronica Lovensno
Game Note
Gabriel Carlsson beats up Dylan Holloway at 7:35 of 1st period



Team Name Goals Shots Shots Attemp Shots Blocked PIM HIT PP PK FO%
Bruins 132551217170 / 3 (0%)045%
Thunderbirds 329561011160 / 1 (0%)055%

Bruins
Player Name POS G A P +/- PIM HIT SHT SB MP PP MP PP SHT PK MP PK SHT FO% FOT GA TA
Adam GaudetteC/RW0000015021:282:2410:2100% 120
Alex PetersD0001010012:480:0000:0000% 000
Anthony RichardLW/RW0111021220:522:0000:4400% 001
Blake HillmanD0001001115:342:4600:0000% 000
Dan RenoufD000-2000120:290:0001:2400% 000
Dylan HollowayC/LW00001712017:012:0900:000100% 210
Graeme ClarkeC/RW000-3024017:091:5410:000100% 200
Jake ChristiansenD0000011324:582:4600:3500% 001
Jeff MalottLW000-3021015:090:1300:0000% 000
Kristian ReichelRW000000007:020:1400:00050% 400
Logan ShawC/LW/RW1011024120:372:1410:21050% 200
Max LajoieD000-3001321:531:4901:2400% 001
Oskar SteenC/RW000-3032018:520:0000:54025% 820
Philip BrobergD000-1011124:121:4900:3500% 000
Rasmus AsplundC/LW0000014019:510:4300:44050% 1800
Rourke ChartierC0111005019:371:5400:54133% 1202
Ryan EllisD000000000:000:0000:0000% 000
Scott MorrowD000000000:280:0000:0000% 000
Thunderbirds
Player Name POS G A P +/- PIM HIT SHT SB MP PP MP PP SHT PK MP PK SHT FO% FOT GA TA
Anton StralmanD0000012421:130:4302:5600% 002
Cole GuttmanC1010004012:100:0000:00075% 400
Denis GurianovLW/RW0000012117:321:3701:5100% 100
Gabriel CarlssonD0001511124:120:0002:5600% 000
Gavin BayreutherD0001000015:550:0001:3900% 000
Jake MuzzinD0000010014:290:0000:0000% 001
Jiri SmejkalLW0000202014:010:0002:0700% 000
John LeonardLW000100009:540:0400:0000% 000
Justin DanforthC/RW0111024121:011:2002:15054% 2611
Mike SgarbossaC0000001014:490:3900:19060% 1010
Riley DamianiC101102209:500:0000:00040% 500
Ross JohnstonLW1011413118:180:3900:1800% 000
Simon RyforsC/LW/RW0000010215:020:3900:0000% 000
Uvis BalinskisD0110002018:421:1600:0000% 020
Vinni LettieriC/RW0221024021:061:2002:20050% 201
William DufourRW000102109:500:0000:0000% 010
Wyatt KaiserD0112001025:071:3801:3900% 000
Xavier BourgaultRW0000020012:100:0000:000100% 100

Bruins

5 vs 5 Forward
Line #Left WingCenterRight WingPHYDFOFWanted %Time %Time Play
1Dylan HollowayRasmus AsplundAdam Gaudette1224536%19:29
2Logan ShawRourke ChartierAnthony Richard0323029%15:31
3Jeff MalottOskar SteenGraeme Clarke1222026%13:39
4Dylan HollowayKristian ReichelOskar Steen03259%4:47
5 vs 5 Defense
Line #DefenseDefensePHYDFOFWanted %Time %Time Play
1Philip BrobergJake Christiansen1224540%21:37
2Dan RenoufMax Lajoie1223536%19:01
3Alex PetersBlake Hillman1222024%12:48
4Philip BrobergJake Christiansen13100%0:00
Power Play Forward
Line #Left WingCenterRight WingPHYDFOFWanted %Time %Time Play
1Logan ShawDylan HollowayAdam Gaudette0147059%2:41
2Anthony RichardRourke ChartierGraeme Clarke0143041%1:54
Power Play Defense
Line #DefenseDefensePHYDFOFWanted %Time %Time Play
1Blake HillmanJake Christiansen0147560%2:46
2Philip BrobergMax Lajoie0142540%1:49
Penalty Kill 4 Players Forward
Line #CenterWingPHYDFOFWanted %Time %Time Play
1Rasmus AsplundDylan Holloway0416055%1:05
2Rourke ChartierOskar Steen0414045%0:54
Penalty Kill 4 Players Defense
Line #DefenseDefensePHYDFOFWanted %Time %Time Play
1Philip BrobergJake Christiansen0416029%0:35
2Dan RenoufMax Lajoie0414071%1:24
Penalty Kill 3 Players
Line #WingPHYDFOFWanted %Time %Time PlayDefenseDefensePHYDFOFWanted %Time %Time Play
1Dylan Holloway041600%0:00 Philip BrobergJake Christiansen041600%0:00
2Rasmus Asplund041400%0:00 Dan RenoufMax Lajoie041400%0:00
4 vs 4 Forward
Line #CenterWingPHYDFOFWanted %Time %Time Play
1Rasmus AsplundDylan Holloway122600%0:00
2Rourke ChartierAdam Gaudette122400%0:00
4 vs 4 Defense
Line #DefensePHYDFOFWanted %Time %Time Play
1Philip BrobergJake Christiansen131600%0:00
2Dan RenoufBlake Hillman131400%0:00
Last Minutes Offensive
Left WingCenterRight WingDefenseDefense
Logan ShawDylan HollowayAdam GaudetteBlake HillmanJake Christiansen
Last Minutes Defensive
Left WingCenterRight WingDefenseDefense
Rasmus AsplundRourke ChartierOskar SteenPhilip BrobergJake Christiansen
Time
Total ForwardTotal DefenseLast Minutes OffensiveLast Minutes Defensive
60:00 60:00 0:000:00
Extra Forwards
Normal PowerPlayPenalty Kill
Adam Gaudette, Dylan Holloway, Logan ShawAdam Gaudette, Dylan HollowayDylan Holloway
Extra Defensemen
Normal PowerPlayPenalty Kill
Jake Christiansen, Blake Hillman, Philip BrobergJake Christiansen, Philip BrobergJake Christiansen
Penalty Shots
Adam Gaudette, Dylan Holloway, Jake Christiansen, Anthony Richard, Graeme Clarke
Goalie
Jacob Ingham, Jared Moe
Scratches
Anthony Angello (Healthy), Austin Poganski (Healthy), Austin Strand (Healthy), Brendan Perlini (Healthy), Travis Barron (Healthy) Jean-Luc Foudy (Healthy), Ashton Sautner (Healthy), Brian Halonen (Healthy), Nathan Burke (Healthy), Pierrick Dubé (Healthy) Philippe Desrosiers (Healthy)

Thunderbirds

5 vs 5 Forward
Line #Left WingCenterRight WingPHYDFOFWanted %Time %Time Play
1Ross JohnstonJustin DanforthVinni Lettieri1133933%17:35
2Denis GurianovMike SgarbossaSimon Ryfors1223026%13:51
3Jiri SmejkalCole GuttmanXavier Bourgault1222123%12:10
4John LeonardRiley DamianiWilliam Dufour1221018%9:50
5 vs 5 Defense
Line #DefenseDefensePHYDFOFWanted %Time %Time Play
1Gabriel CarlssonWyatt Kaiser1223834%18:17
2Uvis BalinskisAnton Stralman1223133%17:26
3Gavin BayreutherJake Muzzin1222126%14:06
4Gabriel CarlssonWyatt Kaiser122107%3:37
Power Play Forward
Line #Left WingCenterRight WingPHYDFOFWanted %Time %Time Play
1Denis GurianovJustin DanforthVinni Lettieri1136067%1:20
2Ross JohnstonMike SgarbossaSimon Ryfors1134033%0:39
Power Play Defense
Line #DefenseDefensePHYDFOFWanted %Time %Time Play
1Uvis BalinskisWyatt Kaiser11363100%1:59
2Wyatt KaiserUvis Balinskis113370%0:00
Penalty Kill 4 Players Forward
Line #CenterWingPHYDFOFWanted %Time %Time Play
1Justin DanforthRoss Johnston1316093%4:16
2Mike SgarbossaVinni Lettieri131407%0:19
Penalty Kill 4 Players Defense
Line #DefenseDefensePHYDFOFWanted %Time %Time Play
1Gabriel CarlssonAnton Stralman1316064%2:56
2Wyatt KaiserGavin Bayreuther1314036%1:39
Penalty Kill 3 Players
Line #WingPHYDFOFWanted %Time %Time PlayDefenseDefensePHYDFOFWanted %Time %Time Play
1Justin Danforth140600%0:00 Gabriel CarlssonAnton Stralman140600%0:00
2Ross Johnston140400%0:00 Wyatt KaiserGavin Bayreuther140400%0:00
4 vs 4 Forward
Line #CenterWingPHYDFOFWanted %Time %Time Play
1Justin DanforthVinni Lettieri122600%0:00
2Mike SgarbossaRoss Johnston122400%0:00
4 vs 4 Defense
Line #DefensePHYDFOFWanted %Time %Time Play
1Gabriel CarlssonWyatt Kaiser122600%0:00
2Anton StralmanUvis Balinskis122400%0:00
Last Minutes Offensive
Left WingCenterRight WingDefenseDefense
Denis GurianovJustin DanforthVinni LettieriWyatt KaiserUvis Balinskis
Last Minutes Defensive
Left WingCenterRight WingDefenseDefense
Ross JohnstonJustin DanforthVinni LettieriGabriel CarlssonAnton Stralman
Time
Total ForwardTotal DefenseLast Minutes OffensiveLast Minutes Defensive
60:00 60:00 0:000:00
Extra Forwards
Normal PowerPlayPenalty Kill
Simon Ryfors, Jiri Smejkal, Mike SgarbossaRoss Johnston, John LeonardRoss Johnston
Extra Defensemen
Normal PowerPlayPenalty Kill
Uvis Balinskis, Jake Muzzin, Anton StralmanAnton Stralman, Gavin BayreutherAnton Stralman
Penalty Shots
Justin Danforth, Vinni Lettieri, Simon Ryfors, Cole Guttman, Mike Sgarbossa
Goalie
Devon Levi, Pheonix Copley
Scratches
Bobby Nardella (Healthy), Tucker Robertson (Healthy), Josh Jacobs (Healthy), Brian Lashoff (Healthy), Ben McCartney (Healthy) Corson Ceulemans (Healthy), Jason Polin (Healthy), Tristen Robins (Healthy), William Trudeau (Healthy), Keith Kinkaid (Healthy) Strauss Mann (Healthy), Taylor Gauthier (Healthy)


Play-by-Play

1st period


0:01 of 1st period - Justin Danforth wins face-off versus Rasmus Asplund in neutral zone.
0:04 of 1st period - Slapshot by Justin Danforth.
0:04 of 1st period - Stopped by Jacob Ingham with a rebound.
0:50 of 1st period - Xavier Bourgault is hit by Jeff Malott and loses puck.
1:55 of 1st period - Cole Guttman is hit by Graeme Clarke.
2:38 of 1st period - Wrist shot by Cole Guttman.
2:38 of 1st period - Goal by Cole Guttman - Bruins : 0 - Thunderbirds : 1.
2:39 of 1st period - Rourke Chartier wins face-off versus Justin Danforth in neutral zone.
4:17 of 1st period - Wrist shot by Vinni Lettieri.
4:17 of 1st period - Deflect By Justin Danforth.
4:17 of 1st period - Shot Misses the Net.
4:17 of 1st period - Puck is out of play.
4:18 of 1st period - Mike Sgarbossa wins face-off versus Oskar Steen in Bruins zone.
4:53 of 1st period - Wrist shot by Vinni Lettieri.
4:53 of 1st period - Shot Misses the Net.
4:55 of 1st period - Slapshot by Anton Stralman.
4:55 of 1st period - Stopped by Jacob Ingham with a rebound.
5:50 of 1st period - Wrist shot by Denis Gurianov.
5:50 of 1st period - Stopped by Jacob Ingham with a rebound.
6:42 of 1st period - Oskar Steen is hit by Xavier Bourgault and loses puck.
7:30 of 1st period - Wrist shot by Cole Guttman.
7:30 of 1st period - Stopped by Jacob Ingham with a rebound.
7:32 of 1st period - Snap shot by Jiri Smejkal.
7:32 of 1st period - Deflect By Graeme Clarke.
7:32 of 1st period - Shot Blocked by Philip Broberg.
7:32 of 1st period - Puck is out of play.
7:33 of 1st period - Rasmus Asplund wins face-off versus Justin Danforth in Bruins zone.
7:35 of 1st period - Gabriel Carlsson beats up Dylan Holloway.
7:35 of 1st period - Penalty to Gabriel Carlsson for Fighting.
7:35 of 1st period - Penalty to Dylan Holloway for Fighting.
7:35 of 1st period - Penalty to Dylan Holloway for instigated a fight.
7:35 of 1st period - Penalty to Dylan Holloway for instigated a fight.
7:36 of 1st period - Justin Danforth wins face-off versus Rasmus Asplund in neutral zone.
7:43 of 1st period - Snap shot by Vinni Lettieri.
7:43 of 1st period - Shot Misses the Net.
8:50 of 1st period - Snap shot by Rourke Chartier.
8:50 of 1st period - Stopped by Devon Levi without a rebound.
8:51 of 1st period - Mike Sgarbossa wins face-off versus Rourke Chartier in Thunderbirds zone.
9:35 of 1st period - Penalty to Dylan Holloway is over, Anthony Richard is send on ice.
9:38 of 1st period - Icing by Max Lajoie.
9:39 of 1st period - Riley Damiani wins face-off versus Rourke Chartier in Bruins zone.
10:28 of 1st period - Slapshot by Logan Shaw.
10:28 of 1st period - Shot Blocked by Anton Stralman.
10:30 of 1st period - Slapshot by Logan Shaw.
10:30 of 1st period - Shot Blocked by Anton Stralman.
10:32 of 1st period - Snap shot by Adam Gaudette.
10:32 of 1st period - Shot Blocked by Justin Danforth.
10:34 of 1st period - Slapshot by Rasmus Asplund.
10:34 of 1st period - Stopped by Devon Levi with a rebound.
11:54 of 1st period - Wyatt Kaiser is hit by Alex Peters and loses puck.
13:16 of 1st period - Oskar Steen is hit by Gabriel Carlsson and loses puck.
13:34 of 1st period - Icing by Vinni Lettieri.
13:35 of 1st period - Graeme Clarke wins face-off versus Vinni Lettieri in Thunderbirds zone.
14:29 of 1st period - Snap shot by Jeff Malott.
14:29 of 1st period - Stopped by Devon Levi without a rebound.
14:30 of 1st period - Justin Danforth wins face-off versus Rourke Chartier in Thunderbirds zone.
14:41 of 1st period - Slapshot by Ross Johnston.
14:41 of 1st period - Stopped by Jacob Ingham with a rebound.
14:43 of 1st period - Snap shot by Vinni Lettieri.
14:43 of 1st period - Shot Misses the Net.
14:45 of 1st period - Slapshot by Uvis Balinskis.
14:45 of 1st period - Stopped by Jacob Ingham without a rebound.
14:46 of 1st period - Mike Sgarbossa wins face-off versus Kristian Reichel in Bruins zone.
15:00 of 1st period - Icing by Oskar Steen.
15:01 of 1st period - Kristian Reichel wins face-off versus Justin Danforth in Bruins zone.
15:01 of 1st period - Kristian Reichel is hit by Ross Johnston.
15:48 of 1st period - Wrist shot by Xavier Bourgault.
15:48 of 1st period - Shot Blocked by Jake Christiansen.
16:08 of 1st period - Snap shot by Logan Shaw.
16:08 of 1st period - Shot Blocked by Anton Stralman.
16:55 of 1st period - Ross Johnston is hit by Anthony Richard and loses puck.
19:01 of 1st period - Snap shot by John Leonard.
19:01 of 1st period - Deflect By Riley Damiani.
19:01 of 1st period - Shot Blocked by Blake Hillman.
19:01 of 1st period - Puck is out of play.
19:02 of 1st period - Graeme Clarke wins face-off versus Riley Damiani in Bruins zone.
19:13 of 1st period - Snap shot by John Leonard.
19:13 of 1st period - Shot Misses the Net.
19:29 of 1st period - Wrist shot by Riley Damiani.
19:29 of 1st period - Stopped by Jacob Ingham without a rebound.
19:30 of 1st period - Justin Danforth wins face-off versus Oskar Steen in Bruins zone.
19:31 of 1st period - Snap shot by Vinni Lettieri.
19:31 of 1st period - Stopped by Jacob Ingham with a rebound.
Goals for this period are 0 for Bruins vs 1 for Thunderbirds.
Shots for this period are 3 for Bruins vs 9 for Thunderbirds.

2nd period


0:01 of 2nd period - Justin Danforth wins face-off versus Rourke Chartier in neutral zone.
0:04 of 2nd period - Snap shot by Ross Johnston.
0:04 of 2nd period - Shot Blocked by Anthony Richard.
0:06 of 2nd period - Slapshot by Wyatt Kaiser.
0:06 of 2nd period - Stopped by Jacob Ingham with a rebound.
0:59 of 2nd period - Icing by Wyatt Kaiser.
1:00 of 2nd period - Rasmus Asplund wins face-off versus Riley Damiani in Thunderbirds zone.
1:01 of 2nd period - Slapshot by Adam Gaudette.
1:01 of 2nd period - Shot Misses the Net.
1:03 of 2nd period - Wrist shot by Logan Shaw.
1:03 of 2nd period - Stopped by Devon Levi without a rebound.
1:04 of 2nd period - Rasmus Asplund wins face-off versus Riley Damiani in Thunderbirds zone.
1:21 of 2nd period - Off-side.
1:22 of 2nd period - Justin Danforth wins face-off versus Rourke Chartier in neutral zone.
1:27 of 2nd period - Snap shot by Ross Johnston.
1:27 of 2nd period - Shot Misses the Net.
1:29 of 2nd period - Slapshot by Anton Stralman.
1:29 of 2nd period - Stopped by Jacob Ingham with a rebound.
1:31 of 2nd period - Snap shot by Ross Johnston.
1:31 of 2nd period - Stopped by Jacob Ingham without a rebound.
1:32 of 2nd period - Justin Danforth wins face-off versus Rourke Chartier in Bruins zone.
1:45 of 2nd period - Snap shot by Vinni Lettieri.
1:45 of 2nd period - Stopped by Jacob Ingham with a rebound.
1:47 of 2nd period - Snap shot by Vinni Lettieri.
1:47 of 2nd period - Deflect By Justin Danforth.
1:47 of 2nd period - Shot Misses the Net.
1:47 of 2nd period - Puck is out of play.
1:48 of 2nd period - Logan Shaw wins face-off versus Denis Gurianov in Bruins zone.
1:53 of 2nd period - Slapshot by Rasmus Asplund.
1:53 of 2nd period - Stopped by Devon Levi with a rebound.
1:55 of 2nd period - Slapshot by Max Lajoie.
1:55 of 2nd period - Deflect By Adam Gaudette.
1:55 of 2nd period - Stopped by Devon Levi with a rebound.
1:57 of 2nd period - Snap shot by Max Lajoie.
1:57 of 2nd period - Stopped by Devon Levi with a rebound.
1:59 of 2nd period - Wrist shot by Adam Gaudette.
1:59 of 2nd period - Stopped by Devon Levi with a rebound.
2:01 of 2nd period - Snap shot by Logan Shaw.
2:01 of 2nd period - Shot Blocked by Gabriel Carlsson.
2:03 of 2nd period - Snap shot by Rasmus Asplund.
2:03 of 2nd period - Shot Misses the Net.
2:26 of 2nd period - Minor Penalty to Ross Johnston for Hooking.
2:27 of 2nd period - Justin Danforth wins face-off versus Rasmus Asplund in Thunderbirds zone.
2:35 of 2nd period - 10 Minutes Misconduct Penalty to Dylan Holloway is over.
2:52 of 2nd period - Gabriel Carlsson is hit by Anthony Richard and loses puck.
3:01 of 2nd period - Snap shot by Rourke Chartier.
3:01 of 2nd period - Shot Blocked by Denis Gurianov.
4:21 of 2nd period - Jiri Smejkal is hit by Rasmus Asplund and loses puck.
4:26 of 2nd period - Penalty to Ross Johnston is over, Ross Johnston is back on ice.
4:34 of 2nd period - Snap shot by Riley Damiani.
4:34 of 2nd period - Goal by Riley Damiani - Bruins : 0 - Thunderbirds : 2.
4:35 of 2nd period - Rourke Chartier wins face-off versus Mike Sgarbossa in neutral zone.
4:37 of 2nd period - Off-side.
4:38 of 2nd period - Rourke Chartier wins face-off versus Mike Sgarbossa in neutral zone.
4:41 of 2nd period - Snap shot by Max Lajoie.
4:41 of 2nd period - Shot Misses the Net.
4:49 of 2nd period - Slapshot by Uvis Balinskis.
4:49 of 2nd period - Shot Blocked by Max Lajoie.
4:51 of 2nd period - Snap shot by Mike Sgarbossa.
4:51 of 2nd period - Shot Misses the Net.
5:09 of 2nd period - Slapshot by William Dufour.
5:09 of 2nd period - Shot Misses the Net.
6:57 of 2nd period - Snap shot by Riley Damiani.
6:57 of 2nd period - Deflect By John Leonard.
6:57 of 2nd period - Shot Misses the Net.
6:57 of 2nd period - Puck is out of play.
6:58 of 2nd period - Riley Damiani wins face-off versus Oskar Steen in Bruins zone.
7:25 of 2nd period - Anton Stralman is hit by Philip Broberg and loses puck.
8:00 of 2nd period - Snap shot by Denis Gurianov.
8:00 of 2nd period - Stopped by Jacob Ingham with a rebound.
9:01 of 2nd period - Icing by Anthony Richard.
9:02 of 2nd period - Mike Sgarbossa wins face-off versus Rourke Chartier in Bruins zone.
9:03 of 2nd period - Snap shot by Denis Gurianov.
9:03 of 2nd period - Shot Misses the Net.
9:32 of 2nd period - Snap shot by Rasmus Asplund.
9:32 of 2nd period - Stopped by Devon Levi with a rebound.
9:54 of 2nd period - Jiri Smejkal is hit by Oskar Steen and loses puck.
10:11 of 2nd period - Wrist shot by Denis Gurianov.
10:11 of 2nd period - Shot Blocked by Max Lajoie.
10:13 of 2nd period - Snap shot by Uvis Balinskis.
10:13 of 2nd period - Stopped by Jacob Ingham with a rebound.
10:47 of 2nd period - Blake Hillman is hit by Riley Damiani and loses puck.
11:08 of 2nd period - Slapshot by Jiri Smejkal.
11:08 of 2nd period - Stopped by Jacob Ingham without a rebound.
11:09 of 2nd period - Rasmus Asplund wins face-off versus Justin Danforth in Bruins zone.
11:25 of 2nd period - Minor Penalty to Ross Johnston for Roughing.
11:26 of 2nd period - Dylan Holloway wins face-off versus Justin Danforth in Thunderbirds zone.
11:30 of 2nd period - Wrist shot by Adam Gaudette.
11:30 of 2nd period - Stopped by Devon Levi without a rebound.
11:31 of 2nd period - Dylan Holloway wins face-off versus Justin Danforth in Thunderbirds zone.
11:32 of 2nd period - Snap shot by Logan Shaw.
11:32 of 2nd period - Stopped by Devon Levi with a rebound.
11:34 of 2nd period - Snap shot by Adam Gaudette.
11:34 of 2nd period - Shot Misses the Net.
11:36 of 2nd period - Snap shot by Logan Shaw.
11:36 of 2nd period - Shot Misses the Net.
12:21 of 2nd period - Wrist shot by Vinni Lettieri.
12:21 of 2nd period - Shot Blocked by Jake Christiansen.
13:25 of 2nd period - Penalty to Ross Johnston is over, Ross Johnston is back on ice.
14:29 of 2nd period - Oskar Steen is hit by William Dufour and loses puck.
14:55 of 2nd period - Ross Johnston is hit by Logan Shaw and loses puck.
15:08 of 2nd period - Rasmus Asplund is hit by Jake Muzzin and loses puck.
15:23 of 2nd period - Denis Gurianov is hit by Oskar Steen.
15:59 of 2nd period - Slapshot by Mike Sgarbossa.
15:59 of 2nd period - Deflect By Oskar Steen.
15:59 of 2nd period - Stopped by Jacob Ingham without a rebound.
16:00 of 2nd period - Mike Sgarbossa wins face-off versus Kristian Reichel in Bruins zone.
16:54 of 2nd period - Slapshot by Dylan Holloway.
16:54 of 2nd period - Shot Misses the Net.
17:14 of 2nd period - Max Lajoie is hit by William Dufour and loses puck.
17:44 of 2nd period - Wrist shot by Simon Ryfors.
17:44 of 2nd period - Shot Blocked by Max Lajoie.
17:46 of 2nd period - Slapshot by Gabriel Carlsson.
17:46 of 2nd period - Stopped by Jacob Ingham without a rebound.
17:47 of 2nd period - Justin Danforth wins face-off versus Rasmus Asplund in Bruins zone.
17:48 of 2nd period - Snap shot by Vinni Lettieri.
17:48 of 2nd period - Deflect By Jake Christiansen.
17:48 of 2nd period - Shot Blocked by Jake Christiansen.
17:48 of 2nd period - Puck is out of play.
17:49 of 2nd period - Justin Danforth wins face-off versus Rasmus Asplund in Bruins zone.
18:22 of 2nd period - Snap shot by Mike Sgarbossa.
18:22 of 2nd period - Shot Blocked by Anthony Richard.
18:24 of 2nd period - Wrist shot by Denis Gurianov.
18:24 of 2nd period - Shot Misses the Net.
18:33 of 2nd period - Icing by Jake Christiansen.
18:34 of 2nd period - Cole Guttman wins face-off versus Oskar Steen in Bruins zone.
18:37 of 2nd period - Slapshot by Cole Guttman.
18:37 of 2nd period - Stopped by Jacob Ingham with a rebound.
18:41 of 2nd period - Slapshot by Cole Guttman.
18:41 of 2nd period - Stopped by Jacob Ingham without a rebound.
18:42 of 2nd period - Rasmus Asplund wins face-off versus Justin Danforth in Bruins zone.
18:57 of 2nd period - Backhand shot by Adam Gaudette.
18:57 of 2nd period - Stopped by Devon Levi with a rebound.
19:12 of 2nd period - Slapshot by Logan Shaw.
19:12 of 2nd period - Shot Misses the Net.
19:30 of 2nd period - Cole Guttman is hit by Jeff Malott and loses puck.
19:53 of 2nd period - Wrist shot by Rourke Chartier.
19:53 of 2nd period - Stopped by Devon Levi with a rebound.
Goals for this period are 0 for Bruins vs 1 for Thunderbirds.
Shots for this period are 10 for Bruins vs 12 for Thunderbirds.

3rd period


0:01 of 3rd period - Justin Danforth wins face-off versus Rasmus Asplund in neutral zone.
1:38 of 3rd period - Wrist shot by Adam Gaudette.
1:38 of 3rd period - Stopped by Devon Levi with a rebound.
1:59 of 3rd period - Wrist shot by Anthony Richard.
1:59 of 3rd period - Stopped by Devon Levi with a rebound.
4:13 of 3rd period - Icing by Gavin Bayreuther.
4:14 of 3rd period - Cole Guttman wins face-off versus Adam Gaudette in Thunderbirds zone.
4:14 of 3rd period - Cole Guttman is hit by Dylan Holloway.
4:20 of 3rd period - Wrist shot by Cole Guttman.
4:20 of 3rd period - Deflect By Jiri Smejkal.
4:20 of 3rd period - Stopped by Jacob Ingham without a rebound.
4:21 of 3rd period - Cole Guttman wins face-off versus Oskar Steen in Bruins zone.
4:28 of 3rd period - Jiri Smejkal is hit by Graeme Clarke and loses puck.
4:51 of 3rd period - Cole Guttman is hit by Logan Shaw and loses puck.
5:06 of 3rd period - Slapshot by Vinni Lettieri.
5:06 of 3rd period - Shot Misses the Net.
5:40 of 3rd period - Alex Peters is hit by Riley Damiani and loses puck.
5:49 of 3rd period - Snap shot by William Dufour.
5:49 of 3rd period - Stopped by Jacob Ingham without a rebound.
5:50 of 3rd period - Rasmus Asplund wins face-off versus Justin Danforth in Bruins zone.
5:50 of 3rd period - Rasmus Asplund is hit by Vinni Lettieri.
5:53 of 3rd period - Icing by Dylan Holloway.
5:54 of 3rd period - Rasmus Asplund wins face-off versus Justin Danforth in Bruins zone.
5:54 of 3rd period - Rasmus Asplund is hit by Justin Danforth.
6:24 of 3rd period - Snap shot by Anthony Richard.
6:24 of 3rd period - Shot Blocked by Simon Ryfors.
6:26 of 3rd period - Wrist shot by Rourke Chartier.
6:26 of 3rd period - Stopped by Devon Levi with a rebound.
6:28 of 3rd period - Slapshot by Philip Broberg.
6:28 of 3rd period - Shot Misses the Net.
6:30 of 3rd period - Snap shot by Rourke Chartier.
6:30 of 3rd period - Stopped by Devon Levi with a rebound.
6:32 of 3rd period - Slapshot by Jake Christiansen.
6:32 of 3rd period - Shot Blocked by Simon Ryfors.
6:44 of 3rd period - Snap shot by Wyatt Kaiser.
6:44 of 3rd period - Shot Blocked by Dan Renouf.
6:47 of 3rd period - Icing by Oskar Steen.
6:48 of 3rd period - Justin Danforth wins face-off versus Oskar Steen in Bruins zone.
6:49 of 3rd period - Slapshot by Vinni Lettieri.
6:49 of 3rd period - Stopped by Jacob Ingham with a rebound.
7:09 of 3rd period - Snap shot by Oskar Steen.
7:09 of 3rd period - Stopped by Devon Levi with a rebound.
7:13 of 3rd period - Snap shot by Oskar Steen.
7:13 of 3rd period - Stopped by Devon Levi without a rebound.
7:14 of 3rd period - Rasmus Asplund wins face-off versus Mike Sgarbossa in Thunderbirds zone.
7:21 of 3rd period - Backhand shot by Adam Gaudette.
7:21 of 3rd period - Shot Misses the Net.
7:54 of 3rd period - Slapshot by Simon Ryfors.
7:54 of 3rd period - Deflect By Denis Gurianov.
7:54 of 3rd period - Shot Misses the Net.
7:54 of 3rd period - Puck is out of play.
7:55 of 3rd period - Oskar Steen wins face-off versus Justin Danforth in Bruins zone.
7:55 of 3rd period - Oskar Steen is hit by Vinni Lettieri.
8:09 of 3rd period - Slapshot by Justin Danforth.
8:09 of 3rd period - Deflect By Ross Johnston.
8:09 of 3rd period - Goal by Ross Johnston - Bruins : 0 - Thunderbirds : 3.
8:10 of 3rd period - Rasmus Asplund wins face-off versus Justin Danforth in neutral zone.
8:13 of 3rd period - Wrist shot by Dylan Holloway.
8:13 of 3rd period - Stopped by Devon Levi with a rebound.
8:15 of 3rd period - Slapshot by Dylan Holloway.
8:15 of 3rd period - Shot Misses the Net.
8:17 of 3rd period - Wrist shot by Rasmus Asplund.
8:17 of 3rd period - Shot Misses the Net.
8:40 of 3rd period - Snap shot by Graeme Clarke.
8:40 of 3rd period - Stopped by Devon Levi with a rebound.
8:42 of 3rd period - Wrist shot by Graeme Clarke.
8:42 of 3rd period - Stopped by Devon Levi with a rebound.
8:44 of 3rd period - Wrist shot by Philip Broberg.
8:44 of 3rd period - Deflect By Graeme Clarke.
8:44 of 3rd period - Stopped by Devon Levi without a rebound.
8:45 of 3rd period - Mike Sgarbossa wins face-off versus Rasmus Asplund in Thunderbirds zone.
9:12 of 3rd period - Snap shot by Logan Shaw.
9:12 of 3rd period - Goal by Logan Shaw - Bruins : 1 - Thunderbirds : 3.
9:13 of 3rd period - Vinni Lettieri wins face-off versus Rasmus Asplund in neutral zone.
9:32 of 3rd period - Philip Broberg is hit by Justin Danforth and loses puck.
9:39 of 3rd period - Ross Johnston is hit by Jake Christiansen and loses puck.
10:19 of 3rd period - Snap shot by Justin Danforth.
10:19 of 3rd period - Stopped by Jacob Ingham with a rebound.
10:35 of 3rd period - Snap shot by Rasmus Asplund.
10:35 of 3rd period - Stopped by Devon Levi with a rebound.
10:37 of 3rd period - Slapshot by Philip Broberg.
10:37 of 3rd period - Stopped by Devon Levi with a rebound.
10:39 of 3rd period - Snap shot by Dylan Holloway.
10:39 of 3rd period - Stopped by Devon Levi with a rebound.
10:41 of 3rd period - Slapshot by Jake Christiansen.
10:41 of 3rd period - Deflect By Vinni Lettieri.
10:41 of 3rd period - Stopped by Devon Levi without a rebound.
10:42 of 3rd period - Rourke Chartier wins face-off versus Mike Sgarbossa in Thunderbirds zone.
10:51 of 3rd period - Wrist shot by Rourke Chartier.
10:51 of 3rd period - Stopped by Devon Levi with a rebound.
10:57 of 3rd period - Rourke Chartier is hit by Anton Stralman.
11:46 of 3rd period - Dan Renouf is hit by Denis Gurianov and loses puck.
12:09 of 3rd period - Snap shot by Logan Shaw.
12:09 of 3rd period - Stopped by Devon Levi without a rebound.
12:10 of 3rd period - Oskar Steen wins face-off versus Cole Guttman in Thunderbirds zone.
12:23 of 3rd period - Snap shot by Oskar Steen.
12:23 of 3rd period - Shot Misses the Net.
12:25 of 3rd period - Wrist shot by Blake Hillman.
12:25 of 3rd period - Stopped by Devon Levi with a rebound.
14:51 of 3rd period - Wrist shot by Justin Danforth.
14:51 of 3rd period - Stopped by Jacob Ingham with a rebound.
14:53 of 3rd period - Snap shot by Ross Johnston.
14:53 of 3rd period - Deflect By Justin Danforth.
14:53 of 3rd period - Stopped by Jacob Ingham without a rebound.
14:54 of 3rd period - Kristian Reichel wins face-off versus Justin Danforth in Bruins zone.
15:21 of 3rd period - Philip Broberg is hit by Xavier Bourgault and loses puck.
15:43 of 3rd period - Wrist shot by Simon Ryfors.
15:43 of 3rd period - Shot Blocked by Logan Shaw.
16:07 of 3rd period - Vinni Lettieri is hit by Oskar Steen and loses puck.
16:17 of 3rd period - Icing by Ross Johnston.
16:18 of 3rd period - Justin Danforth wins face-off versus Rasmus Asplund in Thunderbirds zone.
16:39 of 3rd period - Off-side.
16:40 of 3rd period - Xavier Bourgault wins face-off versus Rourke Chartier in neutral zone.
16:43 of 3rd period - Wrist shot by Jiri Smejkal.
16:43 of 3rd period - Shot Hit the Post.
17:18 of 3rd period - Denis Gurianov is hit by Adam Gaudette and loses puck.
18:11 of 3rd period - Snap shot by Vinni Lettieri.
18:11 of 3rd period - Stopped by Jacob Ingham with a rebound.
18:25 of 3rd period - Rourke Chartier is hit by Simon Ryfors.
19:22 of 3rd period - Minor Penalty to Jiri Smejkal for Slashing.
19:23 of 3rd period - Justin Danforth wins face-off versus Logan Shaw in Thunderbirds zone.
19:27 of 3rd period - Snap shot by Logan Shaw.
19:27 of 3rd period - Shot Misses the Net.
19:29 of 3rd period - Wrist shot by Logan Shaw.
19:29 of 3rd period - Shot Blocked by Ross Johnston.
19:31 of 3rd period - Wrist shot by Dylan Holloway.
19:31 of 3rd period - Shot Blocked by Anton Stralman.
19:45 of 3rd period - Snap shot by Graeme Clarke.
19:45 of 3rd period - Stopped by Devon Levi with a rebound.
Goals for this period are 1 for Bruins vs 1 for Thunderbirds.
Shots for this period are 19 for Bruins vs 8 for Thunderbirds.